Map: Dusk Towers

Players

ChewBox - Winner!

  • Race: Terran Terran
  • League: Bronze

Snakeus

  • Race: Zerg Zerg
  • League: Silver

VOD

https://youtu.be/6IcIzJOuQGA

Description

Val Kitty from https://www.chewbox.com takes on an excellent Zerg player in 1 vs 1 in Legacy of the Void (StarCraft 2, LOTV) online match.

Time

  • Played on: April 8, 2016, 10:59 p.m.
  • Length: 15:45
Show
View Real Time Build Order
Export as new Build Order

ChewBox Terran - Winner!

Build Orders:  

Get SALT Encoding   

  12  0:02  SCV  
  13  0:18  SCV  
  14  0:28  Supply Depot  
  14  0:48  SCV  
  15  0:53  Supply Depot  
  15  0:58  Supply Depot  
  15  1:00  SCV  
  15  1:01  Refinery  
  16  1:21  SCV  
  17  1:26  Barracks  
  17  1:27  Barracks  
  17  1:33  SCV  
  18  1:46  SCV  
  19  1:52  Supply Depot  
  19  1:58  SCV  
  19  2:00  Refinery  
  20  2:10  SCV  
  21  2:20  Bunker  
  21  2:21  Supply Depot  
  21  2:22  SCV  
  22  2:23  Marine x2  
  25  2:40  Marine  
  25  2:41  Marine  
  25  2:42  Orbital Command  
  26  2:56  Factory  
  26  3:04  Marine x2  
  28  3:27  Command Center  
  28  3:38  Barracks Reactor  
  28  3:39  Barracks Reactor  
  27  3:47  Factory Reactor  
  27  3:58  Starport  
  27  4:02  Starport  
  27  4:05  SCV  
  27  4:08  Armory  
  28  4:26  Hellion x2  
  32  4:46  Widow Mine x2  
  36  4:55  Starport  
  36  4:57  Liberator  
  36  5:05  Marine x2  
  38  5:09  Starport Tech Lab  
  38  5:15  Widow Mine x2  
  45  5:22  Orbital Command  
  45  5:23  Marine x2  
  47  5:40  Marine x2  
  49  5:43  Widow Mine x2  
  49  5:46  Viking  
  55  5:51  SCV  
  55  5:53  SCV  
  57  5:57  Viking  
  57  5:58  Marine  
  60  6:08  Starport Tech Lab  
  55  6:28  Marine  
  55  6:29  Marine  
  55  6:32  Widow Mine x2  
  61  6:38  Viking x2  
  65  6:45  Terran Ship Weapons Level 1  
  65  6:46  Marine x2  
  67  7:00  Widow Mine  
  69  7:04  Marine  
  70  7:19  Widow Mine  
  69  7:34  Engineering Bay  
  69  7:37  Marine  
  70  7:45  Marine, Viking  
  70  7:46  Widow Mine, Viking x2  
  70  7:47  Widow Mine  
  67  8:05  Missile Turret  
  67  8:11  Supply Depot  
  67  8:13  Supply Depot  
  67  8:15  Supply Depot  
  67  8:24  Missile Turret  
  67  8:34  Marine x2, SCV  
  70  8:45  Missile Turret  
  70  8:47  Supply Depot  
  66  8:50  Bunker  
  66  8:52  Marine x2  
  64  9:06  Missile Turret  
  62  9:10  Marine x2  
  58  9:17  Viking x2  
  58  9:18  Viking x2  
  60  9:27  Marine  
  60  9:28  Missile Turret  
  60  9:30  Missile Turret  
  60  9:31  SCV x2  
  63  9:43  SCV  
  63  9:44  Factory  
  64  9:47  Viking x2  
  64  9:48  Viking  
  64  9:50  Missile Turret  
  70  9:53  Marine x2  
  72  10:09  Missile Turret  
  72  10:10  Marine  
  72  10:11  Command Center, Marine  
  74  10:18  Refinery  
  74  10:19  Refinery  
  74  10:21  Missile Turret  
  74  10:28  Marine x2, Starport  
  74  10:29  Terran Vehicle And Ship Armor Level 1  
  74  10:31  Factory Tech Lab  
  67  10:46  Marine x2  
  67  11:04  Marine  
  67  11:11  Widow Mine x2  
  72  11:19  Viking  
  74  11:31  Missile Turret  
  74  11:39  Widow Mine x2  
  72  12:08  Widow Mine x2  
  70  12:09  Viking x3  
  76  12:16  Orbital Command  
  76  12:20  SCV x2  
  76  12:29  Terran Ship Weapons Level 2  
  76  12:35  Fusion Core  
  76  12:36  Widow Mine x2  
  78  12:39  Missile Turret  
  78  12:42  Drilling Claws  
  80  12:45  Marine  
  80  12:47  Marine  
  82  13:04  Viking x3  
  88  13:16  Viking x2  
  92  13:45  Thor, Widow Mine  
  100  14:00  Supply Depot  
  100  14:05  Supply Depot  
  100  14:06  Widow Mine  
  100  14:14  Widow Mine  
  98  14:22  Supply Depot  
  98  14:27  Supply Depot  
  98  14:28  Widow Mine  
  98  14:34  Widow Mine  
  98  14:44  Marine x2, Supply Depot  
  98  14:46  Viking x2  
  98  14:47  Viking  
  98  14:53  SCV x3  
  98  14:59  Supply Depot  
  98  15:01  Marine  
  98  15:02  Marine  
  98  15:05  SCV x2  
  98  15:09  Viking  
  98  15:12  Starport Reactor  
  98  15:19  Marine x2  
  98  15:24  Refinery x2  
  98  15:30  Missile Turret  
Show
View Real Time Build Order
Export as new Build Order

Snakeus Zerg 

Build Orders: Pool First 

Get SALT Encoding   

  12  0:00  Drone  
  13  0:09  Drone  
  14  0:15  Extractor  
  14  0:16  Drone  
  15  0:25  Overlord  
  15  0:43  Drone x2  
  17  0:54  Spawning Pool  
  16  1:02  Drone  
  16  1:03  Drone  
  18  1:09  Extractor  
  17  1:24  Hatchery  
  16  1:29  Drone  
  16  1:30  Drone x2  
  19  1:49  Zergling x2, Queen  
  22  2:02  Overlord  
  22  2:20  Baneling Nest  
  22  2:21  Drone x2  
  23  2:24  Drone  
  23  2:25  Extractor  
  23  2:36  Zergling x2  
  24  2:41  Queen  
  26  2:44  Drone  
  27  2:52  Zergling x2  
  27  2:54  Zergling x2  
  29  3:06  Zergling x2  
  29  3:07  Zergling x6  
  29  3:12  Zergling x2  
  34  3:13  Zergling x2  
  34  3:17  Overlord  
  35  3:23  Drone  
  36  3:27  Lair  
  36  3:32  Baneling  
  36  3:33  Baneling x3  
  36  3:41  Zergling x10  
  41  3:57  Zergling x2  
  41  4:00  Overlord  
  42  4:16  Zergling x4  
  44  4:20  Overlord x2  
  44  4:26  Spire  
  43  4:31  Metabolic Boost  
  43  4:34  Drone x3  
  43  4:35  Drone x3  
  49  4:41  Extractor  
  49  4:43  Extractor  
  47  4:46  Zergling x4  
  47  4:48  Zergling x2  
  50  4:56  Zergling x4  
  50  4:57  Zergling x2  
  53  5:01  Zergling x2  
  54  5:08  Drone  
  54  5:09  Drone  
  54  5:11  Zergling x2  
  57  5:15  Baneling x4  
  57  5:16  Baneling  
  57  5:46  Zergling x6  
  60  5:51  Hatchery  
  58  6:20  Mutalisk  
  58  6:21  Mutalisk x2  
  58  6:23  Mutalisk  
  66  6:27  Overlord x2  
  66  6:29  Drone  
  67  6:46  Zerg Flyer Weapons Level 1  
  61  7:15  Drone x3  
  62  7:16  Drone x5  
  62  7:17  Drone  
  71  7:30  Zergling x12  
  71  7:34  Mutalisk  
  48  8:00  Zergling x6  
  48  8:02  Mutalisk  
  48  8:03  Mutalisk  
  48  8:05  Mutalisk x3  
  61  8:14  Drone x2  
  61  8:15  Drone  
  64  8:23  Drone  
  64  8:24  Drone  
  66  8:33  Zergling x6  
  69  8:41  Zerg Flyer Armor Level 1  
  69  8:44  Zergling x4  
  71  9:00  Overseer  
  63  9:18  Overlord  
  63  9:19  Overlord x3  
  61  9:32  Overlord x3  
  61  9:48  Mutalisk x5  
  61  9:49  Mutalisk  
  73  9:59  Mutalisk x2  
  73  10:03  Queen  
  79  10:10  Infestation Pit  
  79  10:12  Drone x3  
  81  10:23  Mutalisk x3  
  87  10:29  Zergling x6  
  87  10:30  Zergling x4  
  87  10:34  Zergling x2  
  87  10:35  Zergling x4  
  59  11:07  Corruptor x2  
  59  11:08  Corruptor  
  59  11:10  Mutalisk x2  
  69  11:18  Corruptor  
  71  11:26  Corruptor  
  73  11:33  Mutalisk  
  65  12:05  Corruptor x3  
  65  12:30  Corruptor x3  
  71  12:51  Extractor  
  71  12:52  Mutalisk x2  
  71  12:53  Extractor  
  73  13:02  Zerg Flyer Weapons Level 2  
  73  13:13  Mutalisk  
  75  13:27  Drone, Mutalisk  
  57  13:42  Overseer  
  57  13:55  Mutalisk x3  
  57  13:56  Mutalisk  
Tags
 
Add a new tag
Caveats
  • Supply blocks, unpowered buildings, or Contaminate may cause inaccurate times.
  • Supply counts are checked every 10 seconds.